 Dungeon Crawl Stone Soup version 0.30.1-11-g7821555f0a (webtiles) character file.

Game seed: 17507600234373679663

643 AudioDrama the Grave Robber (level 7, -5/55 HPs)
             Began as a Black Draconian Necromancer on Dec 16, 2023.
             Was an Initiate of Gozag.
             Slain by an ogre
             ... wielding a +0 giant club
              (42 damage)
             ... on level 5 of the Dungeon.
             The game lasted 00:14:10 (3316 turns).

AudioDrama the Grave Robber (DrNe)                  Turns: 3316, Time: 00:14:11

Health: -5/55      AC:  6    Str: 15    XL:     7   Next: 26%
Magic:  2/12       EV:  2    Int: 18    God:    Gozag
Gold:   455        SH:  0    Dex: 11    Spells: 1/13 levels left

rFire   . . .        h - +10 war axe "Heajijef" {pain, Str+5}
rCold   . . .        (no shield)
rNeg    . . .        (body armour unavailable)
rPois   .            (helmet restricted)
rElec   +            (no cloak)
rCorr   .            (no gloves)
SInv    .            (no boots)
Will    .....        (no amulet)
Stlth   ++           (no ring)
HPRegen 0.29/turn    (no ring)
MPRegen 0.13/turn

%: no passive effects
@: short of breath, sleeping, freezing walls
A: breathe lightning, AC +6, unfitting armour, electricity resistance,
cold-blooded
a: Breathe Lightning, Renounce Religion, Potion Petition, Call Merchant, Bribe
Branch


You were on level 5 of the Dungeon.
You worshipped Gozag.
Gozag was aware of your devotion.
You visited 2 branches of the dungeon, and saw 6 of its levels.
You also visited: Sewer.

You collected 573 gold pieces.
You paid 118 gold pieces to Gozag.

Inventory:

Hand Weapons
 f - a +0 dagger of speed
 h - the +10 war axe "Heajijef" (weapon) {pain, Str+5}
   (You found it on level 4 of the Dungeon)

   Str:       It affects your strength (+5).
Missiles
 g - 3 boomerangs (quivered)
Wands
 d - a wand of quicksilver (8)
Scrolls
 a - 4 scrolls of blinking
 b - a scroll of summoning
 i - a scroll of fear {unknown}
 j - a scroll of identify
Potions
 c - 2 potions of cancellation
 e - a potion of lignification {unknown}


   Skills:
 * Level 2.2 Fighting
 - Level 0.1 Short Blades
 * Level 2.0 Axes
 * Level 1.6 Throwing
 * Level 2.7 Dodging
 * Level 3.4 Stealth
 * Level 3.8 Spellcasting
 * Level 5.3 Necromancy
 * Level 1.1 Ice Magic
 * Level 1.1 Evocations


You had one spell level left.
You knew the following spells:

 Your Spells              Type           Power      Damage    Failure   Level
a - Necrotise             Necr           88%        1d8       1%          1
b - Vampiric Draining     Necr           22%        2d7       4%          3
c - Animate Dead          Necr           22%        N/A       17%         4
d - Freeze                Ice            28%        1d5       10%         1
e - Frozen Ramparts       Ice            14%        1d3       28%         3

Your spell library contained the following spells:

 Spells                   Type           Power      Damage    Failure   Level
 Hailstorm                Conj/Ice       5%         3d4       34%         3
 Agony                    Necr           22%        N/A       43%         5


Dungeon Overview and Level Annotations

Branches:
Dungeon (5/15)             Temple (1/1) D:5           Sewer (visited)

Altars:
Gozag
Nemelex Xobeh
Uskayaw
Zin

Shops:
D:1 =

Annotations:
D:5 3 runed translucent doors, pewpewpew's ghost, novice MiFi


Innate Abilities, Weirdness & Mutations

You can breathe wild blasts of lightning.
Your glossy black scales are hard. (AC +6)
You cannot fit into any form of body armour.
You are resistant to electric shocks. (rElec)
You are cold-blooded and may be slowed by cold attacks.


Message History

You don't know that spell.
Unknown command.
Casting: Frozen Ramparts (dangerous; 28% risk of failure)
Confirm with . or Enter, or press ? or * to list all spells.
Casting: Frozen Ramparts (dangerous; 28% risk of failure)
Press: ? - help, Dir - look around, f - activate The walls around you are covered in ice.
The wall freezes the sleepcap but does no damage.
The sleepcap barely misses you.
Unknown command.
You slash the sleepcap!
The sleepcap is severely damaged.
The wall freezes the sleepcap but does no damage.
The sleepcap barely misses you.
The wall freezes the sleepcap but does no damage.
The sleepcap misses you. The ogre hits you with a +0 giant club!
Unknown command.
Casting: Frozen Ramparts (dangerous; 28% risk of failure)
Confirm with . or Enter, or press ? or * to list all spells.
Aiming: Vampiric Draining (dangerous; 4% risk of failure)
Press: ? - help, Shift-Dir - straight line, f - ogre
Aim: an ogre, wielding a +0 giant club You draw life force from the ogre!
You feel life coursing into your body.
The wall freezes the sleepcap but does no damage.
The sleepcap closely misses you.
Unknown command.
Casting: Vampiric Draining (dangerous; 4% risk of failure)
Confirm with . or Enter, or press ? or * to list all spells.
Aiming: Vampiric Draining (dangerous; 4% risk of failure)
Press: ? - help, Shift-Dir - straight line, f/p - ogre
Aim: an ogre, wielding a +0 giant club (moderately wounded)
You draw life force from the ogre!
You feel life coursing into your body. The ogre hits you with a +0 giant club!
The wall freezes the sleepcap.
The sleepcap releases spores at you.
You are engulfed in a cloud of soporific spores!
You fall asleep.
The ogre hits you with a +0 giant club!!!
Ouch! That really hurt!
You die...
Your body crumbles into a pile of gold.

.# ##......##....#*,....,,,,,,,,
.####.......#.....#*.....,,,,,,,,
.'..#...........#.##.....,,,,,,,,
.##............##..#.....,,,,,,,,
.###.........###.........,,,,,,,,
.###.........#...........,,,,,,,,
#+.#......>..............,,,,,,,,
.#............##.O.......,,,,,,,,
.#...........###@f.......,,,,,,,,
##...........# ##........,,,,,,,,
.<..........## #........,,,,,,,,
............# ##.......,,,**,,,
...........## *.......,,,**,**
...........# *#......,,***,,*
...######.## *......,,* **,* ...#
### *#.....,,* *,* ...# *,,,,,,,*
*,,


You could see an ogre and a sleepcap.

Vanquished Creatures
  A centaur (D:5)
  2 bullfrogs (Sewer)
  A scorpion (D:4)
  3 hounds
  An iguana (D:5)
  2 sleepcaps (D:5)
  Natasha (D:2)
  A gnoll (D:4)
  6 adders
  A river rat (D:5)
  A shadow imp (D:5)
  2 ufetubi (D:5)
  A dart slug (D:5)
  2 orcs
  12 endoplasms
  8 giant cockroaches (Sewer)
  3 goblins
  6 hobgoblins
  5 kobolds
  14 quokkas
  4 ball pythons (Sewer)
  5 bats
  9 frilled lizards
  7 rats
98 creatures vanquished.

Vanquished Creatures (collateral kills)
  An endoplasm (D:3)
1 creature vanquished.

Grand Total: 99 creatures vanquished

Notes
Turn   | Place    | Note
-------+----------+-------------------------------------------
     0 | D:1      | AudioDrama the Draconian Necromancer began the quest for
                  | the Orb.
     0 | D:1      | Reached XP level 1. HP: 14/14 MP: 3/3
   392 | D:1      | Found Cafexzy's Jewellery Boutique.
   742 | D:1      | Reached XP level 2. HP: 20/20 MP: 3/5
   830 | D:2      | Noticed Natasha
   920 | D:2      | Killed Natasha
   921 | D:2      | Reached XP level 3. HP: 26/26 MP: 0/6
   981 | D:2      | Learned a level 3 spell: Vampiric Draining
  1908 | D:3      | Reached XP level 4. HP: 34/34 MP: 8/8
  1955 | D:4      | Identified the +10 war axe "Heajijef" {pain, Str+5}
  1969 | D:4      | Learned a level 4 spell: Animate Dead
  2041 | D:4      | Noticed a scorpion
  2048 | D:4      | Killed a scorpion
  2049 | D:4      | Reached skill level 1 in Fighting
  2049 | D:4      | Reached XP level 5. HP: 35/40 MP: 2/9
  2085 | D:4      | Reached skill level 1 in Throwing
  2113 | D:5      | Entered Level 5 of the Dungeon
  2116 | D:5      | Found a runed translucent gate.
  2117 | D:5      | Found a runed translucent gate.
  2118 | D:5      | Found a runed translucent gate.
  2120 | D:5      | Noticed pewpewpew's ghost (novice MiFi)
  2124 | D:5      | Reached skill level 1 in Axes
  2156 | D:5      | Found a staircase to the Ecumenical Temple.
  2166 | Temple   | Entered the Ecumenical Temple
  2198 | Temple   | Became a worshipper of Gozag Ym Sagoz the Greedy
  2298 | D:5      | Reached skill level 5 in Necromancy
  2298 | D:5      | Reached XP level 6. HP: 47/47 MP: 0/10
  2313 | D:5      | Found a glowing drain.
  2329 | Sewer    | Entered a sewer
  2399 | Sewer    | Learned a level 1 spell: Freeze
  3000 | D:5      | Found a glowing silver altar of Zin.
  3021 | D:5      | Your scales start taking on a glossy black colour.
  3021 | D:5      | Reached XP level 7. HP: 41/55 MP: 2/12
  3021 | D:5      | Gained mutation: You are resistant to electric shocks.
                  | (rElec) [Black Draconian growth]
  3038 | D:5      | Learned a level 3 spell: Frozen Ramparts
  3127 | D:5      | Reached skill level 1 in Ice Magic
  3127 | D:5      | Reached skill level 1 in Evocations
  3316 | D:5      | Slain by an ogre

Illustrated notes

Levels and vault maps discovered:
D:1:      dpeg_arrival_solitude, layout_loops_corners, serial_shops,
          shop_statue, chequers_serial_rivers_small_3
D:2:      layout_basic, uniq_sigmund, uniq_natasha
D:3:      layout_loops_corners, minmay_misc_feat_pillars, roderic_lattice_a,
          minmay_misc_feat_chi, minmay_quantized
D:4:      layout_cave_pods, nicolae_shop_dragon_depot, cheibrodos_gnoll_hut
D:5:      layout_cave_pods, mainiacjoe_overflow_24_doors,
          minmay_temple_entry_large_hall, gammafunk_ghost_split,
          gup_sewer_entry_bubbles
Temple:   bh_familiar_temple

Skill      XL: |  1  2  3  4  5  6  7 |
---------------+----------------------+-----
Stealth        | 2 3 |  3.4
Fighting       | 1 2 |  2.2
Dodging        | 2 |  2.7
Spellcasting   | 3 |  3.8
Throwing       | 1 |  1.6
Axes           | 1 2 |  2.0
Necromancy     | 5 |  5.3
Ice Magic      | 1 |  1.1
Evocations     | 1 |  1.1
Short Blades   | |  0.1

Action                     |  1- 3 |  4- 6 |  7- 9 || total
---------------------------+-------+-------+-------++-------
  Melee: Unarmed           |    11 |       |       ||    11
         Tailslap          |     2 |     4 |       ||     6
         Dagger            |     3 |     1 |       ||     4
         War axe           |       |    79 |     3 ||    82
  Throw: Boomerang         |     1 |    24 |     9 ||    34
   Cast: Necrotise         |    49 |     4 |       ||    53
         Vampiric Draining |     3 |    24 |     2 ||    29
         Freeze            |       |     7 |     1 ||     8
         Frozen Ramparts   |       |       |     2 ||     2
Ability: Breathe Lightning |       |       |     3 ||     3
  Evoke: Wand              |       |     2 |     1 ||     3
    Use: Scroll            |     4 |     1 |       ||     5
         Potion            |     3 |       |       ||     3
   Stab: Distracted        |     1 |       |       ||     1
         Sleeping          |     2 |       |       ||     2
 Armour: Skin              |    33 |    38 |     1 ||    72
  Dodge: Dodged            |    51 |   110 |     8 ||   169
